 Dungeon Crawl Stone Soup version 0.31-a0-180-g519b7de00c (webtiles) character file.

Game seed: 18167028583286614026

2118 innerfire43 the Cleaver (level 9, -1/68 HPs)
             Began as a Demonspawn Monk on June 19, 2023.
             Was a Priest of Cheibriados.
             Killed by divine providence
             ... invoked by an orc priest
              (15 damage)
             ... on level 8 of the Dungeon.
             The game lasted 00:10:03 (5240 turns).

innerfire43 the Cleaver (Demonspawn Monk)           Turns: 5240, Time: 00:10:03

Health: -1/68      AC: 14    Str: 22    XL:     9   Next: 8%
Magic:  9/9        EV: 22    Int: 19    God:    Cheibriados [***...]
Gold:   434        SH:  0    Dex: 23    Spells: 8/8 levels left

rFire   . . .        B - +2 hand axe (vamp)
rCold   . . .        d - orb {light}
rNeg    . . .        r - +0 scale mail
rPois   .            l - +2 helmet
rElec   .            g - +0 cloak
rCorr   .            (no gloves)
SInv    .            (no boots)
Will    +....        f - amulet of regeneration
Stlth   +            q - ring of willpower
HPRegen 1.11/turn    n - ring of the Hare {EV+10}
MPRegen 0.11/turn

%: no passive effects
@: mighty, glowing, very slow
A: thin metallic scales 2, demonic magic 3
a: Renounce Religion, Bend Time, Temporal Distortion


You were on level 8 of the Dungeon.
You worshipped Cheibriados.
Cheibriados was most pleased with you.
You visited 1 branch of the dungeon, and saw 9 of its levels.

You collected 434 gold pieces.

Inventory:

Hand Weapons
 a - a +0 spear
 o - a +2 hand axe of freezing
 B - a +2 vampiric hand axe (weapon)
Missiles
 p - 7 javelins
 D - 2 throwing nets
Armour
 b - a +0 robe
 d - an orb of light (worn)
 g - a +0 cloak (worn)
 l - a +2 helmet (worn)
 r - a +0 scale mail (worn)
 C - a +2 hat
Jewellery
 f - an amulet of regeneration (around neck)
 n - the ring of the Hare (right hand) {EV+10}
   (You acquired it on level 4 of the Dungeon)

   [ring of evasion]

   EV:        It affects your evasion (+10).
 q - a ring of willpower (left hand)
 t - an amulet of the acrobat
 y - a ring of wizardry
 z - an amulet of guardian spirit
 I - a ring of ice
Wands
 v - a wand of roots (5)
 K - a wand of polymorph (16)
 M - a wand of quicksilver (10)
Scrolls
 e - a scroll of revelation
 j - 4 scrolls of teleportation {unknown}
 s - 3 scrolls of amnesia
 w - a scroll of blinking
 x - 3 scrolls of noise {unknown}
 A - 2 scrolls of fog {unknown}
 E - 4 scrolls of identify
 F - a scroll of immolation {unknown}
 G - a scroll of enchant weapon
 H - a scroll of fear {unknown}
 N - a scroll of silence {unknown}
Potions
 c - 2 potions of ambrosia
 i - a potion of heal wounds {unknown}
 k - a potion of enlightenment {unknown}
 m - 2 potions of mutation {unknown}
 u - 3 potions of attraction {unknown}
 J - a potion of curing {unknown}
 L - a potion of degeneration {unknown}


   Skills:
 + Level 5.3 Fighting
 * Level 8.3(8.7) Axes
 - Level 3.3(6.3) Polearms
 * Level 4.8 Armour
 - Level 3.2 Dodging
 - Level 0.1 Stealth


You had 8 spell levels left.
You didn't know any spells.
Your spell library contained the following spells:

 Spells                   Type           Power      Damage    Failure   Level
 Poisonous Vapours        Pois/Air       0%         N/A       58%         2
 Sublimation of Blood     Necr           0%         N/A       58%         2
 Wereblood                Tmut           0%         N/A       58%         2
 Gell's Gravitas          Tloc           0%         N/A       83%         3
 Mephitic Cloud           Conj/Pois/Air  0%         N/A       83%         3
 Teleport Other           Tloc           0%         N/A       83%         3
 Animate Dead             Necr           0%         N/A       99%         4
 Borgnjor's Vile Clutch   Necr/Erth      0%         N/A       100%        5
 Freezing Cloud           Conj/Ice/Air   0%         6-21      100%        5
 Death Channel            Necr           0%         N/A       100%        6
 Dispersal                Tloc           0%         N/A       100%        6
 Summon Hydra             Summ           0%         N/A       100%        7


Dungeon Overview and Level Annotations

Branches:
Dungeon (9/15)             Temple (0/1) D:7
   Lair: D:8-11         Orc: D:9-12

Altars:
Cheibriados
Hepliaklqana
Xom


Innate Abilities, Weirdness & Mutations

You are mostly covered in thin metallic scales. (AC +3)
Spells you cast and wands you use may paralyse nearby enemies.


Message History

a +0 halberd; a +0 chain mail; 16 gold pieces You hit the orc warrior but do no damage.
The orc priest begins to cast a cantrip, but forgets the words!
The orc warrior hits you with a +0 long sword.
You hit the orc warrior.
The orc warrior is lightly wounded.
The orc priest miscasts a cantrip.
The orc warrior hits you but does no damage.
You hit the orc warrior.
You feel better.
The orc warrior is moderately wounded.
You barely miss the orc warrior.
The orc warrior is moderately wounded.
The orc priest invokes the aid of Beogh against you.
Beogh smites you! The orc warrior misses you.
You slash the orc warrior!
The orc warrior is severely wounded.
The orc priest misses you. The orc warrior misses you.
You hit the orc warrior.
The orc warrior is severely wounded.
You hear the slow hiss of an avalanche of sand very nearby.
The orc priest calls down the wrath of Beogh upon you.
Beogh smites you! The orc warrior barely misses you.
You hear a shout!
You barely miss the orc warrior.
The orc warrior is severely wounded.
You hear a shout!
The orc priest mumbles some strange prayers to Beogh against you.
Beogh smites you! The orc warrior completely misses you.
You hear a shout!
You hit the orc warrior but do no damage.
The orc warrior is severely wounded.
The orc priest mumbles some strange prayers to Beogh against you.
Beogh smites you!
* * * LOW HITPOINT WARNING * * *
An orc comes into view. It is wielding a +0 dagger.
The orc warrior misses you.
You feel very mighty all of a sudden.
The orc priest calls down the wrath of Beogh upon you.
Beogh smites you!
You die... .....###....### D#...... ...###### >#..... #........ oo... #>....... ooo. #........ . #oo

#..)..... .. #o#
#).>..... ... #o#
##..)..... #.. #@#
###......... #..
#.#####.........>.
#...#.......##########
#....###### ##.### ...
#... #... #...


You could see an orc warrior, an orc priest, an orc wizard and 6 orcs.

Vanquished Creatures
  Menkaure (D:6)
  2 steam dragons
  A water moccasin (D:6)
  An ice beast (D:5)
  A black bear (D:6)
  A sky beast (D:7)
  2 orc warriors (D:8)
  A phantom (D:6)
  A kobold brigand (D:7)
  A bullfrog (D:9)
  4 scorpions (D:5)
  3 howler monkeys
  2 jellies (D:6)
  5 orc priests
  2 hounds
  An iguana (D:6)
  4 orc wizards
  Terence (D:3)
  3 gnolls (D:4)
  9 adders
  A shadow imp (D:8)
  2 ufetubi
  2 worms (D:3)
  2 dart slugs (D:4)
  24 orcs
  7 endoplasms
  2 giant cockroaches (D:4)
  5 goblins
  8 hobgoblins
  11 jackals
  3 quokkas
  6 ball pythons
  A bat (D:3)
  A frilled lizard (D:1)
  12 kobolds
  8 rats
141 creatures vanquished.

Vanquished Creatures (others)
  A scorpion (D:6)
  An orc priest (D:6)
  An iguana (D:6)
  A gnoll (D:6)
  An orc (D:6)
5 creatures vanquished.

Grand Total: 146 creatures vanquished

Notes
Turn   | Place    | Note
-------+----------+-------------------------------------------
     0 | D:1      | innerfire43 the Demonspawn Monk began the quest for the
                  | Orb.
     0 | D:1      | Reached XP level 1. HP: 18/18 MP: 1/1
   267 | D:1      | Gained mutation: You are partially covered in thin metallic
                  | scales. (AC +2) [demonic ancestry]
   267 | D:1      | Reached XP level 2. HP: 24/24 MP: 2/2
  1284 | D:2      | Gained mutation: Spells you cast may paralyse adjacent
                  | enemies. [demonic ancestry]
  1284 | D:2      | Reached XP level 3. HP: 29/29 MP: 3/3
  1831 | D:3      | Found a glowing drain.
  1903 | D:3      | Reached skill level 1 in Axes
  1903 | D:3      | Reached XP level 4. HP: 37/37 MP: 4/4
  1958 | D:3      | Noticed Terence
  1971 | D:3      | Killed Terence
  2124 | D:3      | Reached skill level 2 in Axes
  2562 | D:4      | Reached XP level 5. HP: 42/42 MP: 5/5
  2713 | D:4      | Reached skill level 3 in Axes
  2719 | D:4      | Reached skill level 1 in Armour
  2752 | D:4      | Gained mutation: Spells you cast may paralyse nearby
                  | enemies. [demonic ancestry]
  2752 | D:4      | Reached XP level 6. HP: 46/48 MP: 6/6
  3063 | D:4      | Identified a scroll of acquirement
  3067 | D:4      | Acquired the ring of the Hare {EV+10}
  3067 | D:4      | Found the ring of the Hare {EV+10}
  3074 | D:4      | Found a snail-covered altar of Cheibriados.
  3081 | D:4      | Became a worshipper of Cheibriados the Contemplative
  3081 | D:4      | Reached * piety under Cheibriados
  3081 | D:4      | Reached ** piety under Cheibriados
  3130 | D:5      | Entered Level 5 of the Dungeon
  3142 | D:5      | Noticed an ice beast
  3149 | D:5      | Reached skill level 4 in Axes
  3159 | D:5      | Killed an ice beast
  3179 | D:5      | Reached XP level 7. HP: 45/54 MP: 7/7
  3328 | D:5      | Found a hazy altar of Hepliaklqana.
  3594 | D:5      | Reached skill level 5 in Axes
  4096 | D:6      | Reached skill level 6 in Axes
  4142 | D:6      | Noticed Menkaure
  4154 | D:6      | Gained mutation: Spells you cast and wands you use may
                  | paralyse nearby enemies. [demonic ancestry]
  4154 | D:6      | Reached XP level 8. HP: 44/61 MP: 8/8
  4160 | D:6      | Killed Menkaure
  4395 | D:6      | Found a shimmering altar of Xom.
  4490 | D:6      | Reached skill level 7 in Axes
  4495 | D:6      | Reached *** piety under Cheibriados
  4741 | D:7      | Found a staircase to the Ecumenical Temple.
  4799 | D:7      | Reached skill level 5 in Fighting
  5103 | D:7      | You fall into a shaft and drop 2 floors!
  5162 | D:8      | Reached skill level 8 in Axes
  5228 | D:8      | Gained mutation: You are mostly covered in thin metallic
                  | scales. (AC +3) [demonic ancestry]
  5228 | D:8      | Reached XP level 9. HP: 35/68 MP: 9/9
  5240 | D:8      | Killed from afar by an orc priest

Illustrated notes

Levels and vault maps discovered:
D:1:      eino_arrival_water_cross, layout_loops_ring
D:2:      layout_loops_corners
D:3:      layout_loops_ring, cheibrodos_sewer_entry_bend, uniq_terence
D:4:      layout_rooms, marbit_many_paths
D:5:      layout_gridville, mainiacjoe_overflow_brackets, grunt_ministairs_14
D:6:      layout_rooms, xom_confusion_cloud, uniq_menkaure
D:7:      layout_gridville, minmay_temple_entry_offerings, grunt_decor_arrowhead
D:8:      layout_rooms, nicolae_ossuary_entry_false_entrances,
          nicolae_grassy_gnolls
D:9:      layout_roguey, mainiacjoe_overflow_catch_the_wave, serial_shops, shop,
          enter_bailey_8, serial_glass, glass_columns_b, glass_columns_c,
          glass_columns_b, glass_columns_a, glass_columns_b, glass_columns_a,
          st_stairs_10, kennysheep_generic_room_14, uniq_psyche

Skill      XL: |  1  2  3  4  5  6  7  8 |
---------------+-------------------------+-----
Polearms       | 3 |  3.3
Dodging        | 3 |  3.2
Axes           | 1 2 3 4 6 8 |  8.3
Fighting       | 4 5 |  5.3
Armour         | 1 2 3 4 |  4.8
Stealth        | |  0.1

Action                     |  1- 3 |  4- 6 |  7- 9 || total
---------------------------+-------+-------+-------++-------
  Melee: Spear             |   108 |       |       ||   108
         Hand axe          |    30 |   144 |   222 ||   396
    Use: Potion            |       |     1 |     1 ||     2
         Scroll            |       |     3 |     5 ||     8
   Stab: Sleeping          |     1 |       |       ||     1
 Armour: Robe              |    26 |     3 |       ||    29
         Scale mail        |       |    47 |    63 ||   110
  Dodge: Dodged            |    63 |    79 |   265 ||   407

Table legend: (Time is in decaauts)
 A = Elapsed time spent in this place.
 B = Non-inter-level travel time spent in this place.
 C = Inter-level travel time spent in this place.
 D = Time resting spent in this place.
 E = Time spent auto-exploring this place.
 F = Levels seen in this place.
 G = Mean time per level.
                   A        B        C        D        E       F      G
               +--------+--------+--------+--------+--------+-----+--------+
         Total |   6194 |   5839 |    355 |      0 |   4612 |   9 |  688.2 |
       Dungeon |   6194 |   5839 |    355 |      0 |   4612 |   9 |  688.2 |
               +--------+--------+--------+--------+--------+-----+--------+

Top non-repeatable levels by time:
     D:5: 1189 daAuts
     D:2: 1127 daAuts
     D:6: 874 daAuts
     D:7: 792 daAuts
     D:3: 719 daAuts
     D:1: 679 daAuts
     D:4: 645 daAuts
     D:8: 103 daAuts
     D:9: 62 daAuts
